 Dungeon Crawl Stone Soup version 0.23.2-11-gf996548 (webtiles) character file.

Game seed: 2263622096696623912

70 Fortress the Firebug (level 4, -1/30 HPs)
             Began as a Demonspawn Fire Elementalist on June 7, 2019.
             Slain by Sigmund
             ... wielding a +0 scythe
              (10 damage)
             ... on level 2 of the Dungeon.
             The game lasted 00:08:41 (1450 turns).

Fortress the Firebug (Demonspawn Fire Elementalist) Turns: 1450, Time: 00:08:42

Health: -1/30      AC:  5    Str:  9    XL:     4   Next: 4%
Magic:  2/7        EV: 12    Int: 17    God:
Gold:   123        SH:  0    Dex: 13    Spells: 7/8 levels left

rFire    . . .     SeeInvis .   r - +2 dagger (flame)
rCold    . . .     Gourm    .   (no shield)
rNeg     . . .     Faith    .   a - +0 robe
rPois    .         Spirit   .   (no helmet)
rElec    .         Reflect  .   (no cloak)
rCorr    .         Harm     .   (no gloves)
MR       .....                  t - +0 pair of boots
Stlth    ++........             (no amulet)
HPRegen  0.10/turn              (no ring)
MPRegen  0.10/turn              (no ring)

@: no status effects
A: slimy green scales 1
a: no special abilities


You were on level 2 of the Dungeon.
You were hungry.

You visited 1 branch of the dungeon, and saw 2 of its levels.

You collected 123 gold pieces.

Inventory:

Hand Weapons
 b - a +0 short sword
 p - a +2 hand axe of electrocution
 r - a +2 dagger of flaming (weapon)
 u - a +0 hunting sling
Missiles
 e - 97 stones (quivered)
 f - 4 poisoned needles
 o - 22 sling bullets
Armour
 a - a +0 robe (worn)
 t - a +0 pair of boots (worn)
Scrolls
 d - 3 scrolls of remove curse {unknown}
 g - 2 scrolls of amnesia {unknown}
 j - a scroll of blinking {unknown}
 k - 2 scrolls of enchant weapon {unknown}
 l - 2 scrolls of teleportation {unknown}
 m - 2 scrolls of identify {unknown}
 n - a scroll of enchant armour {unknown}
Potions
 h - 3 potions of curing {unknown}
 i - a potion of berserk rage {unknown}
 q - 2 potions of brilliance {unknown}
 s - 2 potions of heal wounds {unknown}
Comestibles
 c - 3 rations
 v - 2 chunks of flesh


   Skills:
 - Level 2.0 Dodging
 - Level 2.0 Stealth
 + Level 2.6 Spellcasting
 + Level 1.6 Conjurations
 + Level 3.6 Fire Magic


You had 7 spell levels left.
You knew the following spells:

 Your Spells              Type           Power        Failure   Level  Hunger
a - Flame Tongue          Conj/Fire      ##...        6%          1    #......

Your spell library contained the following spells:

 Spells                   Type           Power        Failure   Level  Hunger
 Throw Flame              Conj/Fire      ##....       10%         2    ##.....
 Conjure Flame            Conj/Fire      ##......     19%         3    ###....
 Inner Flame              Hex/Fire       #.......     26%         3    ###....
 Sticky Flame             Conj/Fire      ##......     52%         4    #####..
 Fireball                 Conj/Fire      ##........   86%         5    ######.


Dungeon Overview and Level Annotations

Branches:
Dungeon (2/15)

Altars:

Annotations:
D:2 Sigmund


Innate Abilities, Weirdness & Mutations

You are partially covered in slimy green scales. (AC +2)


Message History

Something tries to affect you, but you resist.
A worm comes into view.
Something barely misses you.
You hit something but do no damage. Something hits you.
You miss something. You closely miss something.
You are feeling hungry.
Something hits you!
Casting: Flame Tongue (safe; 6% risk of failure)
Confirm with . or Enter, or press ? or * to list all spells.
You can't see any susceptible monsters within range! (Use Z to cast anyway.)
You hit something. You burn something.
You hear some strange, mumbled words.
A puff of flame appears from out of thin air!
The puff of flame misses you.
You barely miss something. Something hits you.
* * * LOW HITPOINT WARNING * * *
You closely miss something. You miss something. Something hits you!
You die...

#.#####...#.............#####.#
#. #...#...÷.............#'##
.# ######...................# .
#..####'##..........# .. #...#
#.##..........# ....#.#.#
#.##..........'
....#.#.###.##..........#
....'....##.##...........
....#.#.@...##........... ...#
....#'#.{...##........... ####
............##...........
.......w#.#.##...........
......†[.....'...........
.......###..##...........
##..... ..##........... .......
..####......... #...... #.#
#######...


You could see a worm.

Vanquished Creatures
  2 adders (D:2)
  2 oozes (D:2)
  A worm (D:2)
  2 dart slugs (D:1)
  A leopard gecko (D:1)
  4 giant cockroaches (D:1)
  2 hobgoblins (D:2)
  4 kobolds
  A quokka (D:2)
  A ball python (D:2)
  5 bats
  4 frilled lizards
  A goblin (D:2)
  8 rats
38 creatures vanquished.

Notes
Turn   | Place    | Note
-------+----------+-------------------------------------------
     0 | D:1      | Fortress the Demonspawn Fire Elementalist began the quest
                  | for the Orb.
     0 | D:1      | Reached XP level 1. HP: 13/13 MP: 3/3
   184 | D:1      | Reached skill level 3 in Fire Magic
   184 | D:1      | Gained mutation: You are partially covered in slimy green
                  | scales. (AC +2) [demonic ancestry]
   184 | D:1      | Reached XP level 2. HP: 19/19 MP: 1/5
   814 | D:2      | Reached XP level 3. HP: 22/24 MP: 4/6
  1320 | D:2      | Reached XP level 4. HP: 18/30 MP: 1/7
  1422 | D:2      | Noticed Sigmund
  1450 | D:2      | Slain by Sigmund

Skill      XL: |  1  2  3 |
---------------+----------+-----
Fire Magic     | 3 |  3.6
Stealth        | 2 |  2.0
Dodging        | 2 |  2.0
Spellcasting   | |  2.6
Conjurations   | |  1.6

Action                   |  1- 3 |  4- 6 || total
-------------------------+-------+-------++-------
Melee: Short sword       |    10 |       ||    10
       Dagger            |    19 |     7 ||    26
 Cast: Flame Tongue      |    67 |     8 ||    75
  Eat: Chunk             |     1 |     1 ||     2
Armor: Robe              |    19 |       ||    19
Dodge: Dodged            |    34 |     4 ||    38
